AoeStats
← [PSCH] R!ce

Arabia

509638162Analyzed
2v2 RM · 4d ago on Sep 27, 2026· 26m 33s· 4 players
Game mode
Random Map
Map size
Medium (4 player)
Population
200
Speed
Normal
Resources
Standard
Victory
Conquest
Starting age
Dark Age
Ending age
Imperial Age
RankedLock teamsTeams togetherTeam positionsShared explorationLock speedFull tech treeHidden civsTurbo modeCheats
Victory
Defeat
🇨🇿 Maya · Czechia
1434
+17
🇩🇪 Varangians · Germany
1396
+18
🇨🇭 Saracens · Switzerland
1480
-19
🇨🇭 Italians · Switzerland
1418
-16
Amigo
7:27 Loom
9:42 Feudal Age
11:00 Double-Bit Axe
12:26 Bloodlines
18:02 Scale Barding Armor
20:43 Horse Collar
22:31 Forging
22:36 Town Watch
23:28 Wheelbarrow
27:24 Castle Age
25:30 Gold Mining
fall
0:26 Loom
10:11 Feudal Age
11:25 Double-Bit Axe
18:22 Wheelbarrow
17:50 Fletching
18:01 Horse Collar
19:05 Padded Archer Armor
25:40 Castle Age
25:29 Gold Mining
25:44 Crossbowman
26:19 Bodkin Arrow
[PSCH] Reh
9:36 Feudal Age
10:32 Double-Bit Axe
10:32 Horse Collar
10:57 Loom
19:41 Scale Barding Armor
20:52 Bloodlines
25:46 Castle Age
24:07 Gold Mining
[PSCH] R!ce
6:34 Loom
6:37 Loom
9:13 Feudal Age
10:03 Double-Bit Axe
17:48 Fletching
25:25 Castle Age
25:33 Crossbowman
26:29 Bodkin Arrow
Connection lost

Rejoining the realm…

Still unreachable

The connection could not be restored.

Session expired

The server has moved on; the page needs a fresh start.